 Dungeon Crawl Stone Soup version 0.30-a0-800-g7c544603b3 (webtiles) character file.

Game seed: 12493452005172468844

28 cforsyth the Sneak (level 3, -2/22 HPs)
             Began as a Kobold Brigand on Feb 21, 2023.
             Slain by a quokka (4 damage)
             ... on level 1 of the Dungeon.
             The game lasted 00:00:44 (589 turns).

cforsyth the Sneak (Kobold Brigand)                  Turns: 589, Time: 00:00:44

Health: -2/22      AC:  3    Str:  8    XL:     3   Next: 27%
Magic:  3/3        EV: 15    Int: 12    God:
Gold:   48         SH:  0    Dex: 18    Spells: 2/2 levels left

rFire   . . .      SeeInvis .    a - +2 dagger
rCold   . . .      Faith    .    (no shield)
rNeg    . . .      Spirit   .    b - +0 robe
rPois   .          Reflect  .    (no helmet)
rElec   .          Harm     .    h - +0 cloak
rCorr   .          Rampage  .    (no gloves)
Will    .....                    (no boots)
Stlth   ++++                     (no amulet)
HPRegen 0.23/turn                (no ring)
MPRegen 0.08/turn                (no ring)

@: no status effects
A: small, no large weapons, nightstalker 3
a: no special abilities


You were on level 1 of the Dungeon.
You visited 1 branch of the dungeon, and saw 2 of its levels.

You collected 48 gold pieces.

Inventory:

Hand Weapons
 a - a +2 dagger (weapon)
Missiles
 d - 9 poisoned darts (quivered)
 e - 3 curare-tipped darts
Armour
 b - a +0 robe (worn)
 c - a +0 cloak
 h - a +0 cloak (worn)
Scrolls
 f - a scroll of enchant weapon {unknown}
 i - a scroll of noise {unknown}
 j - a scroll of silence {unknown}
Potions
 g - a potion of attraction {unknown}


   Skills:
 + Level 2.6 Fighting
 + Level 3.2 Short Blades
 - Level 2.2 Throwing
 + Level 2.0 Dodging
 + Level 5.7 Stealth


You had 2 spell levels left.
You didn't know any spells.
Your spell library was empty.

Dungeon Overview and Level Annotations

Branches:
Dungeon (2/15)

Altars:


Innate Abilities, Weirdness & Mutations

You are small and have problems with some larger weapons.
You are completely attuned to the shadows.


Message History

You kill the hobgoblin!
The quokka closely misses you.
You hit the gnoll.
The gnoll is lightly wounded.
The quokka twitches its whiskers.
The quokka closely misses you. The gnoll hits you with a +0 club.
The gnoll closely misses you.
You hit the gnoll but do no damage.
The gnoll is lightly wounded.
The quokka bites you.
You hit the gnoll.
The gnoll is lightly wounded.
The quokka barely misses you.
A goblin comes into view. It is wielding a +0 dagger.
The gnoll misses you.
A gnoll comes into view. It is wielding a +0 spear.
The gnoll completely misses you. The quokka misses you.
You barely miss the gnoll.
The gnoll is lightly wounded.
The quokka closely misses you. x2; The gnoll misses you.
The gnoll hits you with a +0 club.
You are too injured to fight recklessly!
You are too injured to fight recklessly!
You are too injured to fight recklessly!
You are too injured to fight recklessly!
You are too injured to fight recklessly!
You are too injured to fight recklessly!
You are too injured to fight recklessly!
The gnoll hits you with a +0 club.
* * * LOW HITPOINT WARNING * * *
The quokka bites you but does no damage.
There is a stone staircase leading up here.
The quokka closely misses you. The gnoll hits you with a +0 club.
* * * LOW HITPOINT WARNING * * *
The quokka misses you.
You climb upwards.
There is a stone staircase leading down here.
The quokka attacks as you move away! The quokka closely misses you.
The quokka bites you.
You die...

....## #.# #.#
.##..###.####.#####
.###....)#........#
###### ##
####....##.###.#
#....# ##...##.# #.#
#.##.#
#...##.###.#####.##.#
####
#...##............#.#
†...
...#.##..g#.####.#.#.#
#### #..#....rr@.#
#.#.#.#
#######..#.#...####
#.#...#
.....##..#.#...#
#.#.###
####.##....#...# #.#.#
#.##.####...# #.###
#.#.........### #.#
#.#.........#.#####.#
#.#.........#.......#
#.#.######.....######


You could see a gnoll and 2 quokkas.

Vanquished Creatures
  An adder (D:2)
  2 ball pythons
  4 bats (D:2)
  2 endoplasms
  4 hobgoblins
  A kobold (D:2)
  A frilled lizard (D:2)
  A rat (D:2)
16 creatures vanquished.

Notes
Turn   | Place    | Note
-------+----------+-------------------------------------------
     0 | D:1      | cforsyth the Kobold Brigand began the quest for the Orb.
     0 | D:1      | Reached XP level 1. HP: 12/12 MP: 1/1
   180 | D:1      | You fall into a shaft and drop 1 floor!
   206 | D:2      | Reached XP level 2. HP: 18/18 MP: 2/2
   347 | D:2      | Reached XP level 3. HP: 22/22 MP: 3/3
   589 | D:1      | Slain by a quokka

Illustrated notes

Levels and vault maps discovered:
D:1:      ncdulo_watergridlock, layout_basic
D:2:      layout_basic

Skill      XL: |  1  2  3 |
---------------+----------+-----
Short Blades   | 3 |  3.2
Dodging        | 2 |  2.0
Fighting       | |  2.6
Throwing       | |  2.2
Stealth        | |  5.7

Action                     || total
---------------------------++-------
  Melee: Dagger            ||    30
   Stab: Sleeping          ||    11
 Armour: Robe              ||     5
  Dodge: Dodged            ||    27

Table legend: (Time is in decaauts)
 A = Elapsed time spent in this place.
 B = Non-inter-level travel time spent in this place.
 C = Inter-level travel time spent in this place.
 D = Time resting spent in this place.
 E = Time spent auto-exploring this place.
 F = Levels seen in this place.
 G = Mean time per level.
                   A        B        C        D        E       F      G
               +--------+--------+--------+--------+--------+-----+--------+
         Total |    584 |    584 |      0 |      0 |    473 |   2 |  292.0 |
       Dungeon |    584 |    584 |      0 |      0 |    473 |   2 |  292.0 |
               +--------+--------+--------+--------+--------+-----+--------+

Top non-repeatable levels by time:
     D:2: 403 daAuts
     D:1: 181 daAuts
